 Dungeon Crawl Stone Soup version 0.30-a0-1160-g6e42c06551 (webtiles) character file.

Game seed: 4535358245290842158

76792 kae the Grappler (level 14, -13/139 HPs)
             Began as a Demigod Transmuter on Apr 25, 2023.
             Mangled by a minotaur (19 damage)
             ... on level 12 of the Dungeon.
             The game lasted 00:21:15 (18954 turns).

kae the Grappler (Demigod Transmuter)              Turns: 18954, Time: 00:21:16

Health: -13/139    AC: 15    Str: 21    XL:     14   Next: 72%
Magic:  30/32      EV: 12    Int: 23    God:
Gold:   1338       SH:  0    Dex: 10    Spells: 22/32 levels left

rFire   x . .        L - melded staff of air "Niqiqaqa" {rElec Int+3, !a}
rCold   + + +        (shield currently unavailable)
rNeg    . . .        a - melded +2 robe
rPois   +            (helmet currently unavailable)
rElec   .            (cloak currently unavailable)
rCorr   .            t - melded +2 pair of gloves
SInv    .            E - melded +2 pair of boots
Will    +....        g - amulet of regeneration
Stlth   ++           Y - +4 ring of slaying
HPRegen 1.23/turn    J - ring "Judups" {AC+4 Str+2 Dex-4 Stlth+}
MPRegen 0.23/turn

%: no passive effects
@: ice-form, wereblooded
A: freezing attack, amphibious, boosted hp, large, high MP 1, forlorn, divine
attributes
a: End Transformation


You were on level 12 of the Dungeon.
You were a creature of crystalline ice.
You visited 2 branches of the dungeon, and saw 17 of its levels.
You also visited: Sewer and Ice Cave.

You collected 1338 gold pieces.


Innate Abilities, Weirdness & Mutations

You are a creature of crystalline ice.
You have a powerful freezing melee attack.
You are amphibious.
Your maximum health is increased.
Your armour is entirely melded.
You are incapable of wielding weapons or throwing items.
You have an increased reservoir of magic. (+10% MP)
You shall have no god before yourself.
Your divine heritage dramatically boosts your attributes as you level up.


   Skills:
 + Level 8.9 Fighting
 + Level 9.1 Dodging
 * Level 14.1 Unarmed Combat
 + Level 9.8 Spellcasting
 + Level 10.7 Transmutations
 - Level 5.0 Ice Magic
 - Level 2.0 Poison Magic


You had 22 spell levels left.
You knew the following spells:

 Your Spells              Type           Power      Damage    Failure   Level
a - Beastly Appendage     Tmut           100%       N/A       1%          1
b - Wereblood             Tmut           57%        N/A       1%          2
c - Spider Form           Tmut/Pois      40%        N/A       1%          3
d - Ice Form              Ice/Tmut       47%        N/A       2%          4

Your spell library contained the following spells:

 Spells                   Type           Power      Damage    Failure   Level
 Magic Dart               Conj           44%        1d5       6%          1
 Necrotise                Necr           44%        1d6       6%          1
 Shock                    Conj/Air       44%        1d5       6%          1
 Slow                     Hex            44%        N/A       6%          1
 Call Imp                 Summ           22%        N/A       9%          2
 Lesser Beckoning         Tloc           22%        N/A       9%          2
 Static Discharge         Conj/Air       22%        2-3/arc   9%          2
 Sublimation of Blood     Necr           11%        N/A       9%          2
 Alistair's Intoxication  Tmut/Pois      26%        N/A       12%         5
 Mephitic Cloud           Conj/Pois/Air  14%        N/A       13%         3
 Confusing Touch          Hex            11%        N/A       17%         3
 Dazzling Flash           Conj/Hex       22%        N/A       17%         3
 Gell's Gravitas          Tloc           11%        N/A       17%         3
 Inner Flame              Hex/Fire       11%        N/A       17%         3
 Swiftness                Air            11%        N/A       17%         3
 Teleport Other           Tloc           11%        N/A       17%         3
 Vampiric Draining        Necr           11%        2d6       17%         3
 Yara's Violent Unravell  Hex/Tmut       18%        3d9       19%         5
 Airstrike                Air            5%         2d(1-17)  50%         4
 Flame Wave               Conj/Fire      11%        2d6       50%         4
 Manifold Assault         Tloc           11%        N/A       50%         4
 Sticky Flame             Conj/Fire      11%        2d3       50%         4
 Summon Lightning Spire   Summ/Air       11%        N/A       50%         4
 Eringya's Noxious Bog    Tmut/Pois      20%        N/A       54%         6
 Agony                    Necr           11%        N/A       85%         5
 Borgnjor's Vile Clutch   Necr/Erth      5%         N/A       85%         5
 Silence                  Hex/Air        5%         N/A       85%         5
 Summon Forest            Summ/Tloc      5%         N/A       85%         5
 Dispersal                Tloc           5%         N/A       100%        6
 Plasma Beam              Fire/Air       5%         2x1d17    100%        6
 Starburst                Conj/Fire      5%         6d4       100%        6
 Enfeeble                 Hex            5%         N/A       100%        7
 Summon Hydra             Summ           5%         N/A       100%        7
 Disjunction              Tloc           5%         N/A       100%        8

Inventory:

Missiles
 y - 4 stones
Armour
 a - a +2 robe (melded)
 t - a +2 pair of gloves (melded)
   (You found it on level 3 of the Dungeon)
 E - a +2 pair of boots (melded)
   (You found it on level 3 of the Lair of Beasts)
Magical Staves
 L - the staff of air "Niqiqaqa" (melded) {rElec Int+3, !a}
   (You found it on level 8 of the Dungeon)

   [staff of air]

   Base accuracy: +5 Base damage: 5 Base attack delay: 1.2 This weapon's minimum
   attack delay (0.6) is reached at skill level 12.
   Int:       It affects your intelligence (+3).
   rElec:     It insulates you from electricity.
   It falls into the 'Staves' category.
   It is a one-handed weapon.
 P - a staff of death {!a}
   (You found it on level 2 of the Lair of Beasts)
 X - a staff of cold {!a}
   (You found it on level 3 of the Lair of Beasts)
Jewellery
 g - an amulet of regeneration (around neck)
   (You found it on level 7 of the Dungeon)
 v - a ring of see invisible
   (You found it on level 8 of the Dungeon)
 A - an amulet of the acrobat
   (You took it off an orc on level 11 of the Dungeon)
 C - a ring of ice
   (You took it off Fannar on level 11 of the Dungeon)
 D - a +6 ring of dexterity
   (You found it on level 10 of the Dungeon)
 I - a +6 ring of intelligence
   (You found it on level 3 of the Lair of Beasts)
 J - the ring "Judups" (right front paw) {AC+4 Str+2 Dex-4 Stlth+}
   (You took it off an orc wizard on level 8 of the Dungeon)

   [ring of protection]

   AC:        It affects your AC (+4).
   Str:       It affects your strength (+2).
   Dex:       It affects your dexterity (-4).
   Stlth:     It makes you more stealthy.
 O - a +4 ring of protection
   (You found it in an ice cave)
 S - a +6 ring of strength
   (You found it on level 10 of the Dungeon)
 Y - a +4 ring of slaying (left front paw)
   (You found it on level 2 of the Dungeon)
Wands
 h - a wand of polymorph (11)
   (You took it off Ijyb on level 3 of the Dungeon)
 B - a wand of acid (19)
   (You found it on level 5 of the Dungeon)
 H - a wand of charming (10)
   (You found it on level 7 of the Dungeon)
 Q - a wand of mindburst (13)
   (You found it in an ice cave)
 T - a wand of flame (39)
   (You found it on level 5 of the Dungeon)
 W - a wand of digging (13)
   (You took it off Urug on level 11 of the Dungeon)
 Z - a wand of roots (10)
   (You took it off Joseph on level 7 of the Dungeon)
Scrolls
 d - 3 scrolls of amnesia
 j - 4 scrolls of fog
 k - 4 scrolls of poison {!r}
 m - a scroll of enchant armour
 o - 4 scrolls of immolation {!r!r}
 p - 3 scrolls of enchant weapon
 s - 5 scrolls of fear
 G - 2 scrolls of vulnerability {!r!r}
 K - 6 scrolls of teleportation {@r4}
 R - a scroll of brand weapon
Potions
 b - 4 potions of lignification {!q}
 c - a potion of might
 f - a potion of flight {unknown}
 i - 5 potions of curing {@q1}
 l - 2 potions of mutation {!q}
 n - 4 potions of cancellation
 q - 6 potions of haste {@q3}
 r - a potion of degeneration {unknown}
 u - 4 potions of heal wounds {@q2}
 w - 4 potions of berserk rage {!q}
 x - a potion of invisibility
 z - 4 potions of brilliance
 M - 2 potions of ambrosia
 U - a potion of attraction {!q}
Miscellaneous
 e - a phial of floods
   (You found it on level 4 of the Lair of Beasts)
 F - a tin of tremorstones (2/2)
   (You found it on level 12 of the Dungeon)

Dungeon Overview and Level Annotations

Branches:
Dungeon (12/15) Zot: 25950  Temple (0/1) D:6            Lair (5/5) D:8 Zot: 25558
 Shoals (0/4) Lair:3       Spider (0/4) Lair:3        Slime (0/5) Lair:4
    Orc (0/2) D:11          Sewer (visited)           IceCv (visited)

Shops:
D:1 ?   D:7 *

Annotations:
D:6 1 runed translucent door, bmj180's ghost, novice MfIE
D:8 3 runed translucent doors, kae's ghost, novice DrTm
D:11 exclusion: door, Harold

#≈≈≈≈....≈≈≈≈....≈≈.......#
#.^.....#########.≈≈......#
######### c #.≈≈......# .'.
. #.≈≈......' #'###Y
#..≈≈.....#
#..Yc#######..≈≈....)#
#....#Y......≈≈.....))
#..YH'.....≈.≈≈.#####)
#.YY.Y....≈≈≈≈..#.))')
#....#..≈≈≈≈≈≈..#####)
........#..≈≈≈≈≈≈≈.....).
#########..≈≈≈≈≈≈≈.......
..........≈≈≈..≈.≈≈......
........≈≈≈.....≈≈≈......
.........#####....≈≈.....
.........#...'......≈....
.........#####....≈≈≈....


You could see a minotaur, 4 death yaks, a yaktaur (fleeing) and a yak (fleeing).


Message History

You hear a bellow! x2; You hear a shout!
You punch the yak! You freeze the yak.
You hear a bellow!
The yak closely misses you.
You pummel the yak!! You freeze the yak.
You kill the yak!
You pummel the yak!! You freeze the yak!
You hear a bellow!
A yaktaur comes into view.
It is wielding the staff of fire "Cilazaer" {rF+ rN+ Will++}.
The yak gores you!
You hear a bellow! 😕 HP[-10] MP[+1]
You take 10 damage, and now have 129/139 hp.
You pummel the yak!! You freeze the yak.
You feel a bit better.
You kill the yak!
A minotaur comes into view. It is quivering silver javelins.
The minotaur bellows!
A minotaur comes into view.
The yaktaur wields a +0 arbalest.
The yaktaur shoots a bolt.
The bolt hits you.
You hear a bellow! x2
There is a large open door, spattered with blood here. 😕 HP[-1]
You take 1 damage, and now have 128/139 hp.
A death yak and 2 yaks come into view.
The yak bellows!
The minotaur throws a javelin.
The javelin pierces through you!
You pummel the yaktaur!! You freeze the yaktaur!
You hear a bellow!
The minotaur throws a javelin.
The javelin pierces through you but does no damage.
A yaktaur comes into view.
A death yak comes into view.
The yaktaur unwields a +0 arbalest.
The yaktaur wields the staff of fire "Cilazaer" {rF+ rN+ Will++}.
The yaktaur hits you with the staff of fire "Cilazaer" {rF+ rN+ Will++}. 😕 HP[-15] MP[+1]
You take 15 damage, and now have 113/139 hp.
You beat the yaktaur into a bloody pulp!!!
You freeze the yaktaur.
You feel a bit better.
You kill the yaktaur!
The minotaur throws a javelin.
The javelin closely misses you.
You hit the minotaur. You freeze the minotaur. The minotaur hits you.
The minotaur gores you.
A death yak comes into view. 😕 HP[-5]
You take 5 damage, and now have 108/139 hp.
You squash the minotaur like an ant!!!
You freeze the minotaur!! You pummel the minotaur!! You freeze the minotaur.
You feel a bit better.
You kill the minotaur! 😕 HP[+3]
You regained 3 hp, and now have 111/139 hp.
You hit the minotaur. You freeze the minotaur.
You hear a bellow!
The minotaur closely misses you.
The minotaur gores you but does no damage.
A death yak comes into view.
A yak comes into view. x2
You hit the minotaur but do no damage. The minotaur hits you.
The minotaur gores you!
The death yak gores you but does no damage.
The death yak gores you! 😮 HP[-24] MP[+1]
You take 24 damage, and now have 87/139 hp.
You are too injured to fight recklessly!
You are too injured to fight recklessly!
You are too injured to fight recklessly!
You are too injured to fight recklessly!
You hit the minotaur but do no damage. 😮 HP[+1] Unknown command.
You hit the minotaur but do no damage. The minotaur hits you!!
* * * LOW HITPOINT WARNING * * *
The minotaur gores you but does no damage.
The death yak gores you!
* * * LOW HITPOINT WARNING * * *
The death yak gores you!!
* * * LOW HITPOINT WARNING * * *
A yaktaur comes into view. 😨 HP[-52]
You take 52 damage, and now have 36/139 hp.
MASSIVE DAMAGE!! (PAUSE)
As you read the scroll of fear, it crumbles to dust.
You assume a fearsome visage.
The yaktaur looks frightened!
The minotaur resists with almost no effort.
The yak looks frightened!
The death yak looks frightened!
The death yak resists with almost no effort. x2
The yaktaur looks frightened!
The death yak resists with some effort.
The yak looks frightened!
The minotaur hits you but does no damage.
The minotaur closely misses you. The death yak gores you!
* * * LOW HITPOINT WARNING * * *
The death yak gores you but does no damage.
A yak comes into view. 😱 HP[-9]
You take 9 damage, and now have 27/139 hp.
Unknown command.
The death yak attacks as you move away! The death yak gores you!
* * * LOW HITPOINT WARNING * * *
The death yak attacks as you move away! The death yak gores you!
* * * LOW HITPOINT WARNING * * *
The minotaur hits you!!
You die...

Skill      XL: |  1  2  3  4  5  6  7  8  9 10 11 12 13 14 |
---------------+-------------------------------------------+-----
Transmutations | 2 3 4 5 6 7 8 9 10 | 10.7
Spellcasting   | 2 3 4 5 6 7 8 9 |  9.8
Poison Magic   | 1 2 |  2.0
Ice Magic      | 2 3 5 |  5.0
Fighting       | 2 3 5 6 7 8 |  8.9
Dodging        | 2 4 5 6 7 8 9 |  9.1
Unarmed Combat | 4 6 8 9 12 13 14 | 14.1

Action                     |  1- 3 |  4- 6 |  7- 9 | 10-12 | 13-15 || total
---------------------------+-------+-------+-------+-------+-------++-------
  Melee: Unarmed           |    82 |   155 |   245 |   488 |   342 ||  1312
         Kick              |    14 |    12 |       |       |       ||    26
         Headbutt          |     8 |     9 |       |       |       ||    17
         Punch             |     1 |       |       |       |       ||     1
         Staff             |       |       |       |       |     4 ||     4
   Cast: Beastly Appendage |    18 |    14 |       |       |       ||    32
         Spider Form       |     2 |    19 |     6 |       |       ||    27
         Wereblood         |     1 |     2 |    11 |    34 |    19 ||    67
         Ice Form          |       |     4 |    30 |    50 |    34 ||   118
Ability: End Transformatio |       |     1 |       |       |       ||     1
  Evoke: Wand              |       |       |       |     4 |     8 ||    12
    Use: Scroll            |     4 |     8 |     6 |     8 |     4 ||    30
         Potion            |       |     2 |       |     9 |       ||    11
   Stab: Sleeping          |     2 |     3 |       |       |     2 ||     7
         Distracted        |       |       |       |     2 |       ||     2
 Armour: Robe              |     9 |    25 |     3 |     2 |    11 ||    50
         Skin              |       |     7 |    66 |   219 |   189 ||   481
  Dodge: Dodged            |    59 |   137 |   128 |   281 |   178 ||   783

Levels and vault maps discovered:
D:1:      ldierk_walled_garden_2, layout_rooms, serial_shops, shop
D:2:      layout_basic, shapermc_ecumenical_altar_petra,
          kennysheep_jessica_study
D:3:      layout_loops_cross, nicolae_overflow_ecumenical_swirl, uniq_jessica,
          uniq_ijyb
D:4:      layout_basic, kennysheep_mini_moat, mainiacjoe_overflow_tiny_flanked
D:5:      layout_basic, mainiacjoe_overflow_paths, nicolae_ashenzari_panopticon,
          tgw_kikubaaqudgha, nicolae_hepliaklqana_hippocampus,
          nrook_pool_corridor, minivault_19, minmay_misc_feat_pillars,
          uniq_sigmund
D:6:      layout_basic, mainiacjoe_overflow_boulevard, minmay_temple_entry_hall,
          portal_sewer_entry_b, hellmonk_ghost_happy_afterlife
D:7:      layout_cave_pods, okawaru_trees_1, minmay_shop_mayhem, uniq_pikel,
          uniq_maggie, uniq_crazy_yiuf_cottage, uniq_joseph
D:8:      minmay_the_grid_octo_triangle [minmay_the_grid_octo_odd_swirl,
          minmay_the_grid_octo_prize_star, minmay_the_grid_octo_empty],
          layout_basic, demons_altar, hellmonk_lair_entry_icy,
          ebering_ghost_rock_garden
D:9:      layout_stronghold, lemuel_crystal_altar, mainiacjoe_overflow_alcove_4,
          nicolae_figureground_pulse, uniq_grum
D:10:     layout_layer_cave
D:11:     layout_irregular_city, orc_0_dummy, portal_ice_cave_entry_pillars_1,
          nicolae_wwwww, uniq_erica, uniq_harold, uniq_urug, uniq_fannar
D:12:     fort_yaktaur, layout_basic, serial_glass, glass_columns_b,
          glass_columns_a, glass_columns_a, glass_columns_c, glass_columns_a,
          uniq_erolcha
Lair:1:   layout_roguey, wad_woods_road_01, lemuel_fruit_tree
Lair:2:   layout_regular_city
Lair:3:   nzn_winding_woodlands_large [nzn_winding_woodlands_5x5_checkerboard,
          nzn_winding_woodlands_5x15_default,
          nzn_winding_woodlands_5x5_perimeter,
          nzn_winding_woodlands_center_garden,
          nzn_winding_woodlands_15x15_five_gardens,
          nzn_winding_woodlands_center_triple_pond,
          nzn_winding_woodlands_5x5_cross, nzn_winding_woodlands_5x15_twine,
          nzn_winding_woodlands_5x5_three], layout_gridlike,
          minmay_shoals_entry_beasts, spider_nest_entry_webs
Lair:4:   layout_small_grid, nicolae_slime_entry_field_trip, special_room
          [special_room_mythical_zoo], infiniplex_staircase_pool_2,
          serial_bayou_shore_b
Lair:5:   gammafunk_lair_ancient_temple, layout_long_grid, serial_bayou_pond_d

Notes
Turn   | Place    | Note
-------+----------+-------------------------------------------
     0 | D:1      | kae the Demigod Transmuter began the quest for the Orb.
     0 | D:1      | Reached XP level 1. HP: 15/15 MP: 5/5
     0 | D:1      | magus.rc [v1.11.3]
    25 | D:1      | Reached skill level 2 in Transmutations
    31 | D:1      | Reached skill level 2 in Spellcasting
    55 | D:1      | Reached XP level 2. HP: 9/22 MP: 5/7
   167 | D:1      | Found Defredwa's Magic Scroll Boutique.
   182 | D:1      | Learned a level 2 spell: Wereblood
   707 | D:2      | Noticed a scorpion
   822 | D:2      | Reached XP level 3. HP: 11/27 MP: 6/9
   834 | D:2      | Learned a level 3 spell: Spider Form
   978 | D:2      | Noticed Jessica
   990 | D:2      | Killed Jessica
   991 | D:2      | Reached skill level 1 in Poison Magic
  1317 | D:2      | Killed a scorpion
  1318 | D:2      | Reached skill level 3 in Transmutations
  1318 | D:2      | Reached XP level 4. HP: 13/34 MP: 7/11
  1587 | D:2      | Reached skill level 3 in Spellcasting
  1587 | D:2      | Reached skill level 2 in Poison Magic
  1831 | D:3      | Noticed Ijyb
  1845 | D:3      | Killed Ijyb
  1846 | D:3      | Reached XP level 5. HP: 14/39 MP: 8/12
  1846 | D:3      | HP: 9/39 [poisoned by Ijyb]
  1965 | D:3      | Learned a level 4 spell: Ice Form
  2967 | D:4      | Reached skill level 1 in Ice Magic
  3007 | D:4      | Noticed a black bear
  3025 | D:4      | HP: 7/39 [black bear (3)]
  3026 | D:4      | Killed a black bear
  3191 | D:4      | Reached skill level 2 in Ice Magic
  3191 | D:4      | Reached XP level 6. HP: 37/46 MP: 10/14
  3824 | D:5      | Entered Level 5 of the Dungeon
  4022 | D:5      | Reached skill level 4 in Transmutations
  4078 | D:5      | You pick up a book of Air and begin reading...
  4078 | D:5      | You add the spells Shock, Swiftness and Airstrike to your
                  | library.
  4109 | D:5      | Reached skill level 3 in Ice Magic
  4597 | D:5      | Noticed a human
  4598 | D:5      | Killed a human
  4834 | D:5      | Noticed Sigmund
  4843 | D:5      | Killed Sigmund
  4844 | D:5      | Reached skill level 4 in Spellcasting
  4844 | D:5      | Reached XP level 7. HP: 51/51 MP: 12/16
  4846 | D:5      | Reached skill level 4 in Ice Magic
  5108 | D:6      | Found a glowing drain.
  5108 | D:6      | Noticed a troll
  5116 | Sewer    | Entered a sewer
  5959 | D:6      | Reached skill level 5 in Transmutations
  5959 | D:6      | Reached skill level 5 in Ice Magic
  5970 | D:6      | Killed a troll
  5971 | D:6      | Reached skill level 5 in Spellcasting
  5971 | D:6      | Reached XP level 8. HP: 41/58 MP: 15/19
  6195 | D:6      | Reached skill level 1 in Fighting
  6234 | D:6      | Reached skill level 2 in Dodging
  6234 | D:6      | Reached skill level 3 in Unarmed Combat
  6234 | D:6      | Reached skill level 6 in Transmutations
  6256 | D:6      | Identified the +0 chain mail of Lekan {*Slow rN+++ Str-2
                  | Int+5}
  6499 | D:6      | Found a runed translucent door.
  6499 | D:6      | Noticed bmj180's ghost (novice MfIE)
  6591 | D:6      | Found a staircase to the Ecumenical Temple.
  6619 | D:6      | Reached skill level 2 in Fighting
  6708 | D:6      | Reached skill level 4 in Unarmed Combat
  7095 | D:7      | Reached XP level 9. HP: 67/67 MP: 21/21
  7184 | D:7      | You pick up a book of Blood and begin reading...
  7184 | D:7      | You add the spells Sublimation of Blood and Summon Hydra to
                  | your library.
  7213 | D:7      | Noticed Maggie
  7224 | D:7      | Killed Maggie
  7225 | D:7      | Reached skill level 3 in Dodging
  7471 | D:7      | Reached skill level 5 in Unarmed Combat
  7581 | D:7      | Noticed Pikel
  7677 | D:7      | Reached skill level 3 in Fighting
  7677 | D:7      | Reached skill level 6 in Spellcasting
  7779 | D:7      | Killed Pikel
  7878 | D:7      | Found Iraesoss's Mayhem Merchandise.
  7888 | D:7      | Reached skill level 7 in Transmutations
  7895 | D:7      | You pick up a book of Storms and begin reading...
  7895 | D:7      | You add the spells Static Discharge and Summon Lightning
                  | Spire to your library.
  7931 | D:7      | Reached skill level 4 in Dodging
  8204 | D:7      | Noticed Joseph
  8216 | D:7      | Killed Joseph
  8217 | D:7      | Reached skill level 6 in Unarmed Combat
  8305 | D:7      | Found a runed translucent door.
  8305 | D:7      | Found the +6 shillelagh "Devastator" {shatter}
  8306 | D:7      | Noticed Crazy Yiuf
  8462 | D:7      | Killed Crazy Yiuf
  8623 | D:8      | You pick up a book of Misfortune and begin reading...
  8623 | D:8      | You add the spells Inner Flame, Yara's Violent Unravelling
                  | and Enfeeble to your library.
  8680 | D:8      | Reached XP level 10. HP: 78/78 MP: 15/23
  8739 | D:8      | Reached skill level 4 in Fighting
  8892 | D:8      | Found a staircase to the Lair.
  8933 | D:8      | Noticed a two-headed ogre
  8941 | D:8      | Killed a two-headed ogre
  8942 | D:8      | Reached skill level 7 in Unarmed Combat
  8982 | D:8      | Noticed a manticore
  8984 | D:8      | Noticed a deep elf pyromancer
  8988 | D:8      | Killed a manticore
  8991 | D:8      | Killed a deep elf pyromancer
  8992 | D:8      | Reached skill level 5 in Dodging
  8993 | D:8      | Reached skill level 7 in Spellcasting
  9001 | D:8      | Identified the ring "Judups" {AC+4 Str+2 Dex-4 Stlth+}
  9016 | D:8      | HP: 24/96 [gargoyle/+0 morningstar (17)]
  9019 | D:8      | HP: 7/80 [wraith (12)]
  9025 | D:8      | HP: 10/96 [gargoyle/stone arrow (20)]
  9029 | D:8      | Reached skill level 5 in Fighting
  9166 | D:8      | You pick up a book of Debilitation and begin reading...
  9166 | D:8      | You add the spells Slow, Vampiric Draining and Confusing
                  | Touch to your library.
  9170 | D:8      | You add the spells Flame Wave, Sticky Flame, Starburst and
                  | Plasma Beam to your library.
  9170 | D:8      | Got Joeph's Compendium of Arson
  9173 | D:8      | You add the spells Alistair's Intoxication, Borgnjor's Vile
                  | Clutch and Eringya's Noxious Bog to your library.
  9174 | D:8      | Identified the staff of air "Niqiqaqa" {rElec Int+3}
  9594 | D:8      | Found a runed translucent gate.
  9595 | D:8      | Found a runed translucent gate.
  9596 | D:8      | Found a runed translucent gate.
  9598 | D:8      | Noticed kae's ghost (novice DrTm)
  9609 | D:8      | You pick up a book of Necromancy and begin reading...
  9609 | D:8      | You add the spells Necrotise and Agony to your library.
 10001 | D:9      | You pick up a book of Displacement and begin reading...
 10001 | D:9      | You add the spells Lesser Beckoning, Gell's Gravitas and
                  | Teleport Other to your library.
 10066 | D:9      | Noticed Grum
 10085 | D:9      | Reached skill level 8 in Unarmed Combat
 10086 | D:9      | Identified +0 gold dragon scales
 10103 | D:9      | Killed Grum
 10104 | D:9      | Reached XP level 11. HP: 82/88 MP: 22/26
 10315 | D:9      | Reached skill level 8 in Transmutations
 11028 | D:10     | Entered Level 10 of the Dungeon
 11523 | D:10     | Noticed a two-headed ogre
 11531 | D:10     | Killed a two-headed ogre
 11601 | D:10     | You pick up a book of the Warp and begin reading...
 11601 | D:10     | You add the spells Manifold Assault, Dispersal and
                  | Disjunction to your library.
 12115 | D:11     | Reached skill level 6 in Dodging
 12170 | D:11     | Noticed Fannar
 12171 | D:11     | Noticed Harold
 12193 | D:11     | Reached skill level 9 in Unarmed Combat
 12193 | D:11     | Noticed Erica
 12202 | D:11     | Killed Erica
 12203 | D:11     | Reached skill level 6 in Fighting
 12205 | D:11     | Found a frozen archway.
 12258 | IceCv    | Entered an ice cave
 12272 | IceCv    | HP: 26/106 [wolf simulacrum (1)]
 12275 | IceCv    | HP: 12/106 [white ugly thing (4)]
 12275 | IceCv    | HP: 5/106 [wolf simulacrum (1)]
 12276 | IceCv    | Found a transporter.
 12292 | IceCv    | Found the +7 sceptre of Torment {pain, torment}
 12293 | IceCv    | Found the +8 frozen axe "Frostbite" {freeze, freezing
                  | cloud, *Noise Fly rC+}
 12331 | IceCv    | You pick up a book of the Senses and begin reading...
 12331 | IceCv    | You add the spells Dazzling Flash and Silence to your
                  | library.
 12332 | IceCv    | Found a transporter.
 12459 | D:11     | Found a staircase to the Orcish Mines.
 12482 | D:11     | Noticed a boulder beetle
 12631 | D:11     | Killed Fannar
 12960 | D:11     | Noticed Urug
 12980 | D:11     | Killed Urug
 12981 | D:11     | Reached skill level 8 in Spellcasting
 13230 | Lair:1   | Entered Level 1 of the Lair of Beasts
 13799 | Lair:1   | Reached XP level 12. HP: 97/97 MP: 22/28
 13800 | Lair:1   | Reached skill level 9 in Transmutations
 14082 | Lair:2   | Reached skill level 10 in Unarmed Combat
 14217 | Lair:2   | Reached skill level 7 in Dodging
 14318 | Lair:2   | Reached skill level 7 in Fighting
 14703 | Lair:2   | Reached skill level 11 in Unarmed Combat
 14870 | Lair:2   | Noticed a six-headed hydra
 14883 | Lair:2   | Killed a six-headed hydra
 15357 | Lair:3   | Identified a potion of experience
 15358 | Lair:3   | Reached skill level 12 in Unarmed Combat
 15358 | Lair:3   | Reached XP level 13. HP: 105/105 MP: 30/30
 15469 | Lair:3   | Found a staircase to the Shoals.
 15484 | Lair:3   | HP: 29/127 [wind drake/the air (8)]
 15496 | Lair:3   | Reached skill level 9 in Spellcasting
 15596 | Lair:3   | Found a hole to the Spider Nest.
 15705 | Lair:3   | Reached skill level 8 in Dodging
 15855 | Lair:3   | Reached skill level 13 in Unarmed Combat
 15855 | Lair:3   | Reached XP level 14. HP: 114/114 MP: 26/31
 16004 | Lair:3   | Reached skill level 10 in Transmutations
 16015 | Lair:3   | Reached skill level 8 in Fighting
 16109 | Lair:3   | You pick up a book of Minor Magic and begin reading...
 16109 | Lair:3   | You add the spells Magic Dart, Call Imp and Mephitic Cloud
                  | to your library.
 16152 | Lair:3   | Identified the +4 mace of Prudence {drain, rN+++ Int+3}
 16579 | Lair:4   | Found a staircase to the Slime Pits.
 17486 | Lair:5   | Entered Level 5 of the Lair of Beasts
 17891 | D:12     | Noticed Erolcha
 17901 | D:12     | Killed Erolcha
 18179 | D:12     | HP: 34/139 [water elemental (15)]
 18383 | D:12     | Reached skill level 9 in Dodging
 18393 | D:12     | Reached skill level 14 in Unarmed Combat
 18940 | D:12     | Identified the staff of fire "Cilazaer" {rF+ rN+ Will++}
 18953 | D:12     | HP: 27/139 [death yak (11)]
 18954 | D:12     | HP: 5/139 [death yak (13)]
 18954 | D:12     | Mangled by a minotaur

Vanquished Creatures
  A minotaur (D:12)
  Fannar (D:11)
  Erolcha (D:12)
  8 hydras
  3 two-headed ogres
  Erica (D:11)
  A boulder beetle (Lair:3)
  6 death yaks
  Urug (D:11)
  Pikel (D:7)
  A harpy (Lair:5)
  A deep elf pyromancer (D:8)
  An ugly thing (IceCv)
  2 cyclopes (D:11)
  4 manticores
  4 elephants
  4 black mambas
  Joseph (D:7)
  2 torpor snails (Lair:3)
  9 cane toads
  2 unseen horrors (D:12)
  Maggie (D:7)
  2 gargoyles
  14 komodo dragons
  6 yaktaurs (D:12)
  7 rime drakes
  4 trolls
  6 polar bears
  2 hornets (D:7)
  A wind drake (Lair:3)
  18 blink frogs
  A dream sheep (Lair:3)
  Sigmund (D:5)
  12 wyverns
  A water elemental (D:12)
  38 yaks
  A vampire (D:10)
  3 wraiths
  Grum (D:9)
  A redback (Lair:3)
  13 basilisks
  A steam dragon (D:8)
  4 vampire mosquitoes (D:12)
  2 death yak simulacra (IceCv)
  9 water moccasins
  An acid dragon (D:10)
  4 sky beasts
  2 black bears
  4 orc warriors
  6 ice beasts
  8 centaurs
  An ogre (D:7)
  19 wolves
  3 lemures
  3 kobold brigands
  12 bullfrogs
  3 scorpions
  A gnoll sergeant (D:8)
  A wight (D:8)
  3 killer bees (D:9)
  3 howler monkeys
  3 electric eels (D:12)
  2 hounds
  3 iron imps (D:8)
  7 orc priests
  2 gnoll boudas
  Crazy Yiuf (D:7)
  3 jellies (Lair:4)
  Jessica (D:2)
  4 iguanas
  Ijyb (D:3)
  17 orc wizards
  A polar bear simulacrum (IceCv)
  5 hell rats (Lair:4)
  A wolf simulacrum (IceCv)
  19 gnolls
  10 adders
  4 river rats
  2 ufetubi
  5 worms
  3 dart slugs
  22 orcs
  4 bats
  3 endoplasms
  4 giant cockroaches
  5 goblins
  7 hobgoblins
  14 jackals
  8 quokkas
  12 ball pythons
  9 frilled lizards
  8 kobolds
  9 rats
477 creatures vanquished.

Vanquished Creatures (others)
  A human (D:5)
  11 fungi
  97 plants
  4 toadstools (D:1)
113 creatures vanquished.

Grand Total: 590 creatures vanquished

Table legend:
 A = Non-vault XP
 B = Vault XP
 C = Vault XP percentage of total XP
 D = Non-vault monster count
 E = Vault monster count
 F = Vault count percentage of total count
                 A         B        C        D         E       F
            +---------+---------+-------+---------+---------+-------
      Total |   45404 |   36070 |  44.3 |     313 |     161 |  34.0
            +---------+---------+-------+---------+---------+-------
        D:1 |      34 |       0 |   0.0 |      20 |       0 |   0.0
        D:2 |     121 |      39 |  24.4 |      13 |       2 |  13.3
        D:3 |      69 |      36 |  34.3 |      25 |       1 |   3.8
        D:4 |     188 |       0 |   0.0 |      17 |       0 |   0.0
        D:5 |     412 |     214 |  34.2 |      16 |       1 |   5.9
        D:6 |    1774 |      26 |   1.4 |      24 |       5 |  17.2
        D:7 |    1373 |    1631 |  54.3 |      19 |       4 |  17.4
        D:8 |    1687 |    4137 |  71.0 |      14 |      24 |  63.2
        D:9 |    2127 |     657 |  23.6 |      19 |       5 |  20.8
       D:10 |    1880 |       0 |   0.0 |       9 |       0 |   0.0
       D:11 |    4189 |    2489 |  37.3 |      23 |       3 |  11.5
       D:12 |    3259 |    5003 |  60.6 |      14 |      22 |  61.1
     Lair:1 |    2283 |       0 |   0.0 |      11 |       0 |   0.0
     Lair:2 |   13228 |       0 |   0.0 |      45 |       0 |   0.0
     Lair:3 |    6207 |   13162 |  68.0 |      22 |      32 |  59.3
     Lair:4 |    3885 |    5561 |  58.9 |      14 |      27 |  65.9
     Lair:5 |    2688 |    1820 |  40.4 |       8 |       4 |  33.3
      Sewer |       0 |     308 | 100.0 |       0 |      26 | 100.0
      IceCv |       0 |     987 | 100.0 |       0 |       5 | 100.0
            +---------+---------+-------+---------+---------+-------

Skill      XL: |  1  2  3  4  5  6  7  8  9 10 11 12 13 14 |
---------------+-------------------------------------------+-----
Transmutations | 2 3 4 5 6 7 8 9 10 | 10.7
Spellcasting   | 2 3 4 5 6 7 8 9 |  9.8
Poison Magic   | 1 2 |  2.0
Ice Magic      | 2 3 5 |  5.0
Fighting       | 2 3 5 6 7 8 |  8.9
Dodging        | 2 4 5 6 7 8 9 |  9.1
Unarmed Combat | 4 6 8 9 12 13 14 | 14.1

Action                     |  1- 3 |  4- 6 |  7- 9 | 10-12 | 13-15 || total
---------------------------+-------+-------+-------+-------+-------++-------
  Melee: Unarmed           |    82 |   155 |   245 |   488 |   342 ||  1312
         Kick              |    14 |    12 |       |       |       ||    26
         Headbutt          |     8 |     9 |       |       |       ||    17
         Punch             |     1 |       |       |       |       ||     1
         Staff             |       |       |       |       |     4 ||     4
   Cast: Beastly Appendage |    18 |    14 |       |       |       ||    32
         Spider Form       |     2 |    19 |     6 |       |       ||    27
         Wereblood         |     1 |     2 |    11 |    34 |    19 ||    67
         Ice Form          |       |     4 |    30 |    50 |    34 ||   118
Ability: End Transformatio |       |     1 |       |       |       ||     1
  Evoke: Wand              |       |       |       |     4 |     8 ||    12
    Use: Scroll            |     4 |     8 |     6 |     8 |     4 ||    30
         Potion            |       |     2 |       |     9 |       ||    11
   Stab: Sleeping          |     2 |     3 |       |       |     2 ||     7
         Distracted        |       |       |       |     2 |       ||     2
 Armour: Robe              |     9 |    25 |     3 |     2 |    11 ||    50
         Skin              |       |     7 |    66 |   219 |   189 ||   481
  Dodge: Dodged            |    59 |   137 |   128 |   281 |   178 ||   783

Illustrated notes

Table legend:
 A = Kills in this place as a percentage of kills in the entire game.
 B = Kills by you in this place as a percentage of kills by you in the entire game.
 C = Kills by friends in this place as a percentage of kills by friends in the entire game.
 D = Other kills in this place as a percentage of other kills in the entire game.
 E = Experience gained in this place as a percentage of experience gained in the entire game.
 F = Experience gained in this place divided by the number of levels of this place that you have seen.
                   A       B       C       D       E      F
               +-------+-------+-------+-------+-------+----------------------
         Total | 100.0 | 100.0 |   N/A |   N/A | 100.0 | 4288.1
       Dungeon |  59.1 |  59.1 |   N/A |   N/A |  38.5 | 2612.1
          Lair |  34.4 |  34.4 |   N/A |   N/A |  59.9 | 9766.8
         Sewer |   5.5 |   5.5 |   N/A |   N/A |   0.4 | 308.0
      Ice Cave |   1.1 |   1.1 |   N/A |   N/A |   1.2 | 987.0
               +-------+-------+-------+-------+-------+----------------------

Table legend: (Time is in decaauts)
 A = Elapsed time spent in this place.
 B = Non-inter-level travel time spent in this place.
 C = Inter-level travel time spent in this place.
 D = Time resting spent in this place.
 E = Time spent auto-exploring this place.
 F = Levels seen in this place.
 G = Mean time per level.
                   A        B        C        D        E       F      G
               +--------+--------+--------+--------+--------+-----+--------+
         Total |  18868 |  18127 |    741 |    199 |  14283 |  19 |  993.1 |
       Dungeon |  13408 |  12817 |    591 |    153 |  10414 |  12 | 1117.3 |
          Lair |   4441 |   4292 |    149 |     40 |   3228 |   5 |  888.2 |
         Sewer |    933 |    933 |      0 |      6 |    605 |   1 |  933.0 |
      Ice Cave |     84 |     84 |      0 |      0 |     34 |   1 |   84.0 |
               +--------+--------+--------+--------+--------+-----+--------+

Top non-repeatable levels by time:
     D:7: 1409 daAuts
     D:8: 1337 daAuts
  Lair:3: 1271 daAuts
     D:6: 1255 daAuts
  Lair:2: 1231 daAuts
     D:5: 1230 daAuts
     D:9: 1191 daAuts
     D:2: 1145 daAuts
     D:4: 1116 daAuts
    D:10: 1072 daAuts
    D:11: 1049 daAuts
    D:12: 1048 daAuts
  Lair:4: 938 daAuts
   Sewer: 933 daAuts
     D:3: 894 daAuts
